 Dungeon Crawl Stone Soup version 0.29-a0-1009-g60c99734e7 (webtiles) character file.

Game seed: 8534510090808697154

12 ders the Digger (level 2, -1/15 HPs)
             Began as a Gargoyle Earth Elementalist on Aug 8, 2022.
             Frozen to death by an endoplasm (4 damage)
             ... on level 1 of the Dungeon.
             The game lasted 00:00:45 (599 turns).

ders the Digger (Gargoyle Earth Elementalist)        Turns: 599, Time: 00:00:45

Health: -1/15      AC:  5    Str: 11    XL:     2   Next: 33%
Magic:  1/5        EV: 11    Int: 15    God:
Gold:   30         SH:  0    Dex: 10    Spells: 4/5 levels left

rFire   . . .      SeeInvis .   f - +0 whip
rCold   . . .      Faith    .   (no shield)
rNeg    + . .      Spirit   .   a - +0 robe
rPois   ∞          Reflect  .   e - +0 helmet
rElec   +          Harm     .   (no cloak)
rCorr   .          Rampage  .   (no gloves)
Will    .....                   (no boots)
Stlth   ++........              (no amulet)
HPRegen 0.05/turn               (no ring)
MPRegen 0.09/turn               (no ring)

@: no status effects
A: sickness immunity, AC +2, negative energy resistance 1, electricity
resistance, torment resistance 1, petrification resistance
a: no special abilities


You were on level 1 of the Dungeon.
You visited 1 branch of the dungeon, and saw 1 of its levels.

You collected 30 gold pieces.

Inventory:

Hand Weapons
 f - a +0 whip (weapon)
Armour
 a - a +0 robe (worn)
 e - a +0 helmet (worn)
Scrolls
 g - a scroll of vulnerability {unknown}
 i - 2 scrolls of noise {unknown}
Potions
 b - a potion of magic
 c - a potion of curing {unknown}
 d - a potion of berserk rage {unknown}
 h - a potion of attraction {unknown}
 j - a potion of haste {unknown}
 k - a potion of degeneration {unknown}


   Skills:
 - Level 1.5 Dodging
 - Level 2.1 Stealth
 + Level 2.3 Spellcasting
 + Level 1.0 Conjurations
 - Level 0.7 Transmutations
 + Level 3.9 Earth Magic


You had 4 spell levels left.
You knew the following spells:

 Your Spells              Type           Power      Damage    Failure   Level
a - Sandblast             Erth           26%        2d8       4%          1

Your spell library contained the following spells:

 Spells                   Type           Power      Damage    Failure   Level
 Passwall                 Tmut/Erth      6%         N/A       13%         2
 Stone Arrow              Conj/Erth      18%        3d8       24%         3
 Petrify                  Tmut/Erth      8%         N/A       63%         4


Dungeon Overview and Level Annotations

Branches:
Dungeon (1/15)

Altars:
Ashenzari


Innate Abilities, Weirdness & Mutations

You are immune to sickness and miasma.
Your stone body is resilient. (AC +2)
You are immune to poison.
You resist negative energy. (rN+)
You are resistant to electric shocks. (rElec)
You are resistant to unholy torment.
You are immune to petrification.


Message History

Aim: a rat (82% to hit)
The blast of sand misses the rat.
The hobgoblin hits you. The rat misses you. The rat closely misses you.
The hobgoblin hits you.
A frilled lizard comes into view.
Unknown command.
Casting: Sandblast (safe; 4% risk of failure)
Confirm with . or Enter, or press ? or * to list all spells.
Aiming: Sandblast (safe; 4% risk of failure)
Press: ? - help, Shift-Dir - straight line, f/p - rat
Aim: a rat (82% to hit)
The blast of sand hits the rat but does no damage.
The frilled lizard hisses angrily.
The hobgoblin closely misses you. The rat bites you but does no damage.
The endoplasm jiggles.
The hobgoblin hits you. The rat bites you.
* * * LOW HITPOINT WARNING * * *
Your magical contamination has completely faded away.
Unknown command.
Casting: Sandblast (safe; 4% risk of failure)
Confirm with . or Enter, or press ? or * to list all spells.
Aiming: Sandblast (safe; 4% risk of failure)
Press: ? - help, Shift-Dir - straight line, f/p - rat
Aim: a rat (82% to hit)
The blast of sand hits the rat.
You kill the rat!
The endoplasm barely misses you.
The hobgoblin hits you but does no damage.
The endoplasm hits you but does no damage.
The hobgoblin closely misses you.
Unknown command.
The endoplasm attacks as you move away!
The endoplasm hits you but does no damage.
The hobgoblin attacks as you move away! The hobgoblin hits you.
* * * LOW HITPOINT WARNING * * *
You hit the endoplasm but do no damage.
The endoplasm hits you but does no damage.
You barely miss the endoplasm. The endoplasm freezes you.
You are frozen.
You die...

##.......# #.#.# #.# #
##......#.#######...# #.# ##
##......##.#....##...# #.#
.###......###.#....# #..# #.#
..#......###..#....###..###.###
........####.##..).#..........#
.......## #..#.....#.#..#####.#
......## ##.##................#
.....## ##..##.#@#♣♣♣♣.♣.♣....#
#...## ##..### #J# ♣♣♣.♣ ♣...
##.## ##..## #.lg..♣ ♣♣ .. #.#
##..## #......♣ ..# ##.###..##
....#..#♣ ♣.#
.#.#...##.........♣ .....###
.#######.. ##.### .. ...# .#.


You could see an endoplasm, a hobgoblin and a frilled lizard.

Vanquished Creatures
  3 endoplasms (D:1)
  2 giant cockroaches (D:1)
  A hobgoblin (D:1)
  A quokka (D:1)
  2 frilled lizards (D:1)
  A kobold (D:1)
  A rat (D:1)
11 creatures vanquished.

Notes
Turn   | Place    | Note
-------+----------+-------------------------------------------
     0 | D:1      | ders the Gargoyle Earth Elementalist began the quest for
                  | the Orb.
     0 | D:1      | Reached XP level 1. HP: 10/10 MP: 3/3
   258 | D:1      | Reached XP level 2. HP: 8/15 MP: 1/5
   386 | D:1      | Found a broken altar of Ashenzari.
   464 | D:1      | Reached skill level 1 in Conjurations
   599 | D:1      | Frozen to death by an endoplasm

Illustrated notes

Levels and vault maps discovered:
D:1:      dpeg_arrival_central, layout_loops_ring,
          chequers_ecumenical_altar_grove, minmay_hexomino_r4

Skill      XL: |  1  2 |
---------------+-------+-----
Conjurations   | 1 |  1.0
Dodging        | |  1.5
Stealth        | |  2.1
Spellcasting   | |  2.3
Transmutations | |  0.7
Earth Magic    | |  3.9

Action                   || total
-------------------------++-------
Melee: Whip              ||     9
 Cast: Sandblast         ||    16
Armor: Robe              ||    12
Dodge: Dodged            ||    14

Table legend: (Time is in decaauts)
 A = Elapsed time spent in this place.
 B = Non-inter-level travel time spent in this place.
 C = Inter-level travel time spent in this place.
 D = Time resting spent in this place.
 E = Time spent auto-exploring this place.
 F = Levels seen in this place.
 G = Mean time per level.
                   A        B        C        D        E       F      G
               +--------+--------+--------+--------+--------+-----+--------+
         Total |    615 |    604 |     11 |    124 |    389 |   1 |  615.0 |
       Dungeon |    615 |    604 |     11 |    124 |    389 |   1 |  615.0 |
               +--------+--------+--------+--------+--------+-----+--------+

Top non-repeatable levels by time:
     D:1: 615 daAuts
